 Dungeon Sprint DCSS version 0.27-a0-1140-g099f9bb0e8 (webtiles) character file.

Game seed: 16205384083936658512

1921 Zeld the Transmogrifier (level 9, -11/87 HPs)
             Began as an Octopode Transmuter on May 9, 2021.
             Was an Elder of Sif Muna.
             Mangled by a tarantella (18 damage)
             ... in the Dungeon (Sprint V: "Ziggurat Sprint").
             The game lasted 00:02:29 (638 turns).

Zeld the Transmogrifier (Octopode Transmuter)        Turns: 638, Time: 00:02:29

Health: -11/87     AC: 10    Str: 25    XL:     9   Next: 17%
Magic:  0/22       EV: 10    Int: 39    God:    Sif Muna [****..]
Gold:   0          SH:  0    Dex: 12    Spells: 11/26 levels left

rFire    . . .     SeeInvis .     - Unarmed
rCold    . . .     Faith    .   (shield currently unavailable)
rNeg     + . .     Spirit   +   (helmet currently unavailable)
rPois    +         Reflect  .   z - brooch of Shielding {Spirit SH+8}
rElec    .         Harm     .   t - +6 ring of intelligence
rCorr    .         Rampage  .   v - +6 ring of strength
Will     .....     NoTele   +   u - +6 ring of strength
Stlth    +.........             s - +6 ring of intelligence
HPRegen  0.24/turn              x - +6 ring of intelligence
MPRegen  0.18/turn              A - ring "Osal" {rN+ Int+6}
                                (no ring)
                                (no ring)

@: confused, hydra-form
A: fast swimmer, devour, boosted hp, almost no armour, amphibious, 8 rings, very
large, (camouflage 1), (gelatinous body 1), (nimble swimmer 1), (tentacles)
a: End Transformation, Renounce Religion, Channel Magic, Forget Spell, Divine
Exegesis


You were in the Dungeon.
You worshipped Sif Muna.
Sif Muna was greatly pleased with you.
You were a nine-headed hydra.
You visited 1 branch

Inventory:

Jewellery
 s - a +6 ring of intelligence (on tentacle)
 t - a +6 ring of intelligence (left foreclaw)
 u - a +6 ring of strength (on tentacle)
 v - a +6 ring of strength (right foreclaw)
 x - a +6 ring of intelligence (on tentacle)
 z - the brooch of Shielding (around neck) {Spirit SH+8}
   (You found it in the Dungeon)

   [amulet of guardian spirit]

   It causes incoming damage to be divided between your reserves of health and
   magic.
   It affects your SH (+8).
 A - the ring "Osal" (on tentacle) {rN+ Int+6}
   (You found it in the Dungeon)

   [ring of positive energy]

   It affects your intelligence (+6).
   It protects you from negative energy.
Wands
 j - a wand of mindburst (7)
 r - a wand of acid (7)
Scrolls
 g - 4 scrolls of blinking
 l - 4 scrolls of amnesia
 m - 7 scrolls of fog
 n - a scroll of holy word
 o - 5 scrolls of identify
 p - 2 scrolls of fear
Potions
 a - 2 potions of brilliance
 b - 7 potions of curing
 c - 7 potions of heal wounds
 d - 6 potions of haste
 e - 7 potions of magic
 f - 3 potions of berserk rage
 h - 2 potions of invisibility
 i - 4 potions of resistance
 k - 5 potions of might
Miscellaneous
 w - a lightning rod (4/4)
 y - a phial of floods


   Skills:
 + Level 8.6 Fighting
 + Level 8.8 Dodging
 - Level 3.0 Unarmed Combat
 + Level 9.0 Spellcasting
 * Level 13.1 Transmutations


You had 11 spell levels left.
You knew the following spells:

 Your Spells              Type           Power      Damage    Failure   Level
a - Beastly Appendage     Tmut           100%       N/A       0%          1
b - Wereblood             Tmut           88%        N/A       0%          2
c - Spider Form           Tmut/Pois      31%        N/A       1%          3
d - Ice Form              Ice/Tmut       62%        N/A       1%          4
e - Hydra Form            Tmut           44%        N/A       1%          5

Your spell library contained the following spells:

 Spells                   Type           Power      Damage    Failure   Level
 Leda's Liquefaction      Hex/Erth       8%         N/A       21%         4
 Statue Form              Tmut/Erth      41%        N/A       22%         6
 Bolt of Magma            Conj/Fire/Erth 8%         4d6       50%         5
 Iron Shot                Conj/Erth      8%         9d3       97%         6
 Shatter                  Erth           8%         3d10*     100%        9
 Animate Armour           Summ/Erth      Unusable   N/A       N/A         4

Dungeon Overview and Level Annotations

Branches:
Dungeon (1/1)

Altars:
Ashenzari
Cheibriados
Dithmenos
Elyvilon
Fedhas
Gozag
Hepliaklqana
Kikubaaqudgha
Makhleb
Nemelex Xobeh
Okawaru
Qazlal
Ru
Sif Muna
Trog
Uskayaw
Vehumet
Wu Jian
Xom
Yredelemnul
Zin
The Shining One
Beogh
Jiyva
Lugonu

Annotations:
D 1 transporter


Innate Abilities, Weirdness & Mutations

You are a nine-headed hydra.
You swim very quickly.
You can devour living enemies to heal.
Your maximum health is greatly increased.
Your armour is entirely melded.
You are incapable of wielding weapons or throwing items.
You cannot wear most types of armour.
You are amphibious.
You can wear up to eight rings at the same time.
((Your skin changes colour to match your surroundings (Stealth+).))
((Your rubbery body absorbs attacks. (AC +1, EV +1)))
((You are camouflaged near water. (Stealth+)))
((You have tentacles for arms and can constrict up to eight enemies at once.))


Message History

Unknown command.
You closely miss the tarantella. You barely miss the tarantella. x2
The tarantella bites you.
* * * LOW HITPOINT WARNING * * *
The tarantella closely misses you. The tarantella bites you!
* * * LOW HITPOINT WARNING * * *
The tarantella closely misses you.
Unknown command.
You feel much better. The tarantella bites you.
You are more confused.
The tarantella barely misses you. The tarantella closely misses you.
The tarantella bites you!
* * * LOW HITPOINT WARNING * * *
You are more confused.
The tarantella bites you.
* * * LOW HITPOINT WARNING * * *
You feel much better. The tarantella barely misses you.
The tarantella bites you. x2; The tarantella bites you!
You are more confused.
You feel much better. The tarantella bites you.
You are more confused.
The tarantella bites you! The tarantella completely misses you.
The tarantella bites you but does no damage.
The tarantella bites you!
You are more confused.
You feel better. You block the tarantella's attack. The tarantella bites you.
The tarantella bites you! The tarantella bites you.
You are too injured to fight recklessly!
You bite the tarantella!
The tarantella is almost dead.
You nip at the tarantella but do no damage.
You bite the tarantella! You block the tarantella's attack.
The tarantella bites you!
* * * LOW HITPOINT WARNING * * *
You are confused.
The tarantella bites you!
* * * LOW HITPOINT WARNING * * *
You are more confused.
The tarantella bites you!!
You die...

▓..©..▓..©..▓▓▓▓▓▓▓
▓▓▓▓▓▓▓▓▓▓▓▓▓▓▓▓▓▓▓
▓..8©8...▓..8©8...▓
▓..)|[...▓..}|:...▓
▓........▓..[.}...▓
▓........▓........▓
▓...)....▓........▓
▓.▓.)..▓.▓....ss..▓
▓...©....▓...ssD..▓
▓▓▓▓▓▓▓▓▓▓▓▓▓▓▓▓▓▓▓


You could see 4 tarantellas.

Vanquished Creatures
  A dancing weapon (D)
  A deep elf zephyrmancer (D)
  A deep elf pyromancer (D)
  2 rime drakes (D)
  An air elemental (D)
  A steam dragon (D)
  A naga (D)
  A swamp drake (D)
  A scorpion (D)
  2 adders (D)
  2 ball pythons (D)
14 creatures vanquished.

Notes
Turn   | Place    | Note
-------+----------+-------------------------------------------
     0 | D        | Zeld the Octopode Transmuter began the quest for the Orb.
     0 | D        | Reached XP level 1. HP: 13/13 MP: 3/3
     2 | D        | Found a blossoming altar of Fedhas.
     3 | D        | Found the +6 Majin-Bo {vamp, MP+6 Int+6}
     3 | D        | Found the +9 heavy crossbow "Sniper" {vorpal, Acc+∞ SInv}
     3 | D        | Found the +10 dark maul {vorpal}
     3 | D        | Found the +15 Maxwell's patent armour {-Cast -Tele rElec
                  | Will+ rCorr}
     3 | D        | Found the +18 shield of the Gong {rElec rN+ Will+ EV-5}
     3 | D        | Found the +14 obsidian axe {vorpal, Drain Fly SInv}
     3 | D        | Found the +7 great mace "Firestarter" {inner flame, rF++}
     3 | D        | Found the +6 shillelagh "Devastator" {shatter}
     3 | D        | Found the +11 plutonium sword {Contam Stlth-}
     3 | D        | Found the +8 lance "Wyrmbane" {slay drac, rPois rF+ rC+
                  | AC+3}
     3 | D        | Found the +9 sword of Zonguldrok {reap}
     3 | D        | Found the +13 scythe of Curses {drain, Drain}
     3 | D        | Found the +5 sword of Power {vorpal}
     3 | D        | Found the +7 mace of Variability {chain chaos}
     3 | D        | Found the +7 Singing Sword {vorpal, sonic wave}
     3 | D        | Found the +8 storm bow {elec, penet}
     3 | D        | Found a shimmering blue altar of Sif Muna.
     3 | D        | Found a sacrificial altar of Ru.
     3 | D        | Found a bloodstained altar of Trog.
     3 | D        | Found a stormy altar of Qazlal.
     3 | D        | Found an iron altar of Okawaru.
     3 | D        | Found a sparkling altar of Nemelex Xobeh.
     5 | D        | Found a transporter.
     5 | D        | Found an ancient bone altar of Kikubaaqudgha.
     5 | D        | Found a viscous altar of Jiyva.
     5 | D        | Found a corrupted altar of Lugonu.
     5 | D        | Found a hazy altar of Hepliaklqana.
     5 | D        | Found a burning altar of Makhleb.
     5 | D        | Found an opulent altar of Gozag.
     7 | D        | Reached skill level 6 in Transmutations
     7 | D        | Reached XP level 2. HP: 18/18 MP: 4/7
    29 | D        | Banished a spatial maelstrom
    30 | D        | Learned a level 2 spell: Wereblood
    42 | D        | Became a worshipper of Sif Muna the Loreminder
   121 | D        | Entered arena 2.
   121 | D        | Noticed a naga
   121 | D        | Found a transporter.
   124 | D        | Killed a naga
   125 | D        | Reached skill level 5 in Spellcasting
   125 | D        | Reached skill level 8 in Transmutations
   125 | D        | Reached XP level 3. HP: 26/26 MP: 7/9
   125 | D        | Reached XP level 4. HP: 31/31 MP: 8/11
   129 | D        | Learned a level 3 spell: Spider Form
   134 | D        | Learned a level 4 spell: Ice Form
   242 | D        | Entered arena 3.
   242 | D        | Found a transporter.
   243 | D        | Found the brooch of Shielding {Spirit SH+8}
   246 | D        | Reached * piety under Sif Muna
   247 | D        | Reached XP level 5. HP: 36/36 MP: 8/12
   291 | D        | Learned a level 5 spell: Hydra Form
   308 | D        | Entered arena 4.
   308 | D        | Noticed a swamp drake
   308 | D        | Noticed a steam dragon
   308 | D        | Noticed a rime drake
   308 | D        | Noticed a rime drake
   308 | D        | Found a transporter.
   311 | D        | Killed a steam dragon
   311 | D        | Reached ** piety under Sif Muna
   312 | D        | Reached skill level 5 in Dodging
   312 | D        | Reached skill level 9 in Transmutations
   312 | D        | Reached XP level 6. HP: 22/44 MP: 8/15
   315 | D        | Killed a swamp drake
   315 | D        | Killed a rime drake
   316 | D        | Reached skill level 10 in Transmutations
   316 | D        | Reached XP level 7. HP: 53/53 MP: 2/17
   317 | D        | Killed a rime drake
   318 | D        | Reached skill level 11 in Transmutations
   318 | D        | Reached XP level 8. HP: 60/60 MP: 3/19
   401 | D        | Got the ring "Osal" {rN+ Int+6}
   421 | D        | Entered arena 5.
   421 | D        | Noticed an air elemental
   421 | D        | Noticed a deep elf zephyrmancer
   421 | D        | Noticed a deep elf pyromancer
   421 | D        | Noticed a +0 scimitar of protection
   421 | D        | Found a transporter.
   425 | D        | Killed an air elemental
   425 | D        | Reached *** piety under Sif Muna
   426 | D        | Killed a deep elf zephyrmancer
   426 | D        | Killed a +0 scimitar of protection
   427 | D        | Reached skill level 12 in Transmutations
   432 | D        | Killed a deep elf pyromancer
   433 | D        | Reached skill level 13 in Transmutations
   433 | D        | Reached XP level 9. HP: 67/67 MP: 13/22
   625 | D        | Entered arena 6.
   625 | D        | Found a transporter.
   630 | D        | Reached **** piety under Sif Muna
   638 | D        | Mangled by a tarantella

Illustrated notes

Levels and vault maps discovered:
D:        sprint_v [room_start, room_1, room_2, room_3, room_4, room_5, room_6,
          room_7, room_8, room_9, room_10, room_11, room_12, room_13, room_14,
          room_15, room_16, room_17, room_18, room_19, room_20, room_21,
          room_22, room_23, room_24, room_25, room_26, room_27]

Skill      XL: |  1  2  3  4  5  6  7  8 |
---------------+-------------------------+-----
Spellcasting   | 4 5 6 7 9 |  9.0
Transmutations | 6 8 9 10 11 13 | 13.1
Fighting       | 3 4 6 7 8 |  8.6
Dodging        | 3 4 5 6 7 8 |  8.8
Unarmed Combat | |  3.0

Action                   |  1- 3 |  4- 6 |  7- 9 || total
-------------------------+-------+-------+-------++-------
Melee: Unarmed           |       |     8 |    12 ||    20
 Cast: Spider Form       |       |     1 |       ||     1
       Hydra Form        |       |     1 |     2 ||     3
Evoke: Wand              |     3 |     3 |     1 ||     7
       Phial of floods   |       |       |     1 ||     1
  Use: Potion            |     1 |     2 |     4 ||     7
Armor: Skin              |       |     1 |     2 ||     3
Dodge: Dodged            |     1 |    12 |    11 ||    24
Block: Other             |       |     1 |     7 ||     8

Table legend: (Time is in decaauts)
 A = Elapsed time spent in this place.
 B = Non-inter-level travel time spent in this place.
 C = Inter-level travel time spent in this place.
 D = Time resting spent in this place.
 E = Time spent auto-exploring this place.
 F = Levels seen in this place.
 G = Mean time per level.
                   A        B        C        D        E       F      G
               +--------+--------+--------+--------+--------+-----+--------+
         Total |    634 |    634 |      0 |    471 |      0 |   1 |  634.0 |
       Dungeon |    634 |    634 |      0 |    471 |      0 |   1 |  634.0 |
               +--------+--------+--------+--------+--------+-----+--------+

Top non-repeatable levels by time:
       D: 634 daAuts
